Stars vs Bruins
(R1)
Created - October 28, 2024 at 19:34
Goals
|
| Stars |
0 |
1 |
1 |
0 |
1 |
3 |
| Bruins |
0 |
0 |
2 |
0 |
0 |
2 |
|
Shots
|
| Stars |
12 |
9 |
13 |
2 |
3 |
36 |
| Bruins |
8 |
5 |
10 |
0 |
3 |
23 |
|
1st period
No Goal
Penalties :
Torey Krug (Bos) for Roughing (Minor) at 11:48, Mattias Ekholm (Bos) for Cross-checking (Minor) at 18:24
2nd period
1. Stars , Jake Guentzel 4 (Sidney Crosby 3, Evgeny Grachev 1) at 6:33
Penalties :
Mark Stone (Bos) for Roughing (Minor) at 3:41, Jonathan Toews (Bos) for Slashing (Minor) at 7:36, Josh Manson (Bos) for Roughing (Minor) at 13:37, Tyler Wotherspoon (Dal) for Hooking (Minor) at 18:23
3rd period
2. Bruins , Eric Wellwood 3 (Andreas Athanasiou 1, Casey Cizikas 2) at 10:17
3. Bruins , Wojtek Wolski 5 (Alexander Wennberg 2, Mark Stone 2) at 12:01
4. Stars , Sidney Crosby 2 (Jake Guentzel 3, Michael Grabner 3) at 18:52 (PP)
Penalties :
Gabriel Landeskog (Bos) for Hooking (Minor) at 3:03, Michael Grabner (Dal) for Tripping (Minor) at 8:01, Zack Kassian (Bos) for Hooking (Minor) at 13:46, Andreas Athanasiou (Bos) for Cross-checking (Minor) at 18:38
Overtime #1
No Goal
Penalties :
No Penalty
Shootout
Stars, Sidney Crosby - Stopped by Kevin Poulin
Bruins, Gabriel Landeskog - Stopped by Matt Murray
Stars, Jake Guentzel - Goal!
Bruins, Zack Kassian - Shot Misses the Net
Stars, Michael Grabner - Stopped by Kevin Poulin
Bruins, Jonathan Toews - Stopped by Matt Murray
Penalties :
No Penalty
Goalie Stats
Matt Murray (Dal), 21 saves from 23 shots - (0.913), W, 1-2-1, 64:54 minutes
Kevin Poulin (Bos), 34 saves from 36 shots - (0.944), OTL, 1-1-1, 65:00 minutes
Players Stats for Stars
Player Name G A P +/- PIM S H SB GA TA FO MP PP MP PK MP
------------------------------------------------------------------------------------
Adam Tambellini 0 0 0 -1 0 2 1 1 0 0 0/0 13:28 0:02 1:14
Alex Chiasson 0 0 0 0 0 1 0 3 1 1 0/0 16:55 5:56 0:00
Anton Cederholm 0 0 0 0 0 0 1 1 0 0 0/0 19:48 5:05 1:24
Brian Lee 0 0 0 0 0 4 0 1 0 0 0/0 20:01 5:05 2:22
Cam Atkinson 0 0 0 0 0 1 1 0 0 0 0/1 12:36 0:02 0:00
Evgeny Grachev 0 1 1 0 0 3 0 0 0 0 8/12 17:39 5:56 1:07
Evgeny Kuznetsov 0 0 0 0 0 4 1 0 0 0 1/5 11:57 0:02 0:00
Henrik Borgstrom 0 0 0 0 0 0 0 0 0 0 1/2 7:15 0:00 0:00
Ilya Mikheyev 0 0 0 0 0 0 1 0 0 0 0/0 7:15 0:00 0:00
Jake Guentzel 1 1 2 0 0 3 1 0 1 0 3/5 25:18 8:09 2:11
Michael Grabner 0 1 1 -1 2 5 2 1 2 0 0/0 22:43 8:09 0:00
Paul Ladue 0 0 0 -2 0 2 2 2 1 0 0/0 30:30 9:02 2:34
Reece Willcox 0 0 0 1 0 0 0 0 0 2 0/0 12:46 0:00 0:00
Shane Gersich 0 0 0 0 0 0 0 0 0 0 0/0 7:15 0:00 0:00
Sidney Crosby 1 1 2 0 0 6 2 1 1 0 13/34 25:17 8:09 2:11
Tobias Rieder 0 0 0 -1 0 2 0 0 0 2 0/0 18:00 5:56 1:13
Tyler Wotherspoon 0 0 0 -2 2 3 0 4 0 0 0/0 29:00 9:02 1:05
Wiley Sherman 0 0 0 1 0 0 0 0 0 1 0/0 13:17 0:00 0:31
Players Stats for Bruins
Player Name G A P +/- PIM S H SB GA TA FO MP PP MP PK MP
------------------------------------------------------------------------------------
Adam Pelech 0 0 0 -1 0 0 0 0 0 0 0/0 10:06 0:00 0:00
Alexander Wennberg 0 1 1 0 0 2 0 3 1 0 3/8 20:53 1:33 4:31
Andreas Athanasiou 0 1 1 1 2 4 0 1 0 0 1/3 15:02 0:00 3:55
Brett Pesce 0 0 0 0 0 0 0 0 0 0 0/0 2:29 0:00 0:00
Casey Cizikas 0 1 1 1 0 1 0 0 0 0 4/6 12:45 0:00 0:23
Eric Wellwood 1 0 1 1 0 3 1 1 1 0 1/1 14:34 0:00 2:14
Gabriel Landeskog 0 0 0 0 2 1 3 1 2 2 9/16 27:29 2:25 7:06
Jason Demers 0 0 0 2 0 0 4 2 0 1 0/0 32:53 1:41 9:07
John Quenneville 0 0 0 0 0 1 0 1 0 0 1/1 4:35 0:00 0:00
Jonathan Toews 0 0 0 0 2 0 4 1 1 0 11/20 19:30 2:25 2:46
Josh Manson 0 0 0 0 2 1 1 1 0 0 0/0 19:17 2:17 4:21
Madison Bowey 0 0 0 2 0 0 0 3 0 2 0/0 29:17 1:41 9:07
Mark Stone 0 1 1 0 2 1 1 2 0 0 0/1 15:44 1:33 0:00
Mattias Ekholm 0 0 0 -1 2 1 0 3 0 0 0/0 12:31 0:00 1:37
Torey Krug 0 0 0 0 2 1 1 2 0 0 0/0 18:42 2:17 4:02
Wojtek Wolski 1 0 1 0 0 3 1 0 0 0 0/0 15:49 1:33 0:15
Zack Kassian 0 0 0 0 2 3 2 0 1 1 3/3 24:34 2:25 7:04
Zemgus Girgensons 0 0 0 0 0 1 0 0 0 0 0/0 4:35 0:00 0:00
3 Stars
1 - Sidney Crosby (Dal)
2 - Jake Guentzel (Dal)
3 - Kevin Poulin (Bos)
Power Play
Stars - 1 on 8 Attempt(s) - 12.50%
Bruins - 0 on 2 Attempt(s) - 0.00%
Penalty Kill
Stars - 2 on 2 Attempt(s) - 100.00%
- Score 0 goal in Penalty Kill
Bruins - 7 on 8 Attempt(s) - 87.50%
- Score 0 goal in Penalty Kill
Team Stat
Stars - Hits : 12 - Faceoff Wins : 26 - Blocked Shots : 14 - Penalty Minutes : 4
Bruins - Hits : 18 - Faceoff Wins : 33 - Blocked Shots : 21 - Penalty Minutes : 16
Official
Referees : Garrett Rank and Corey Syvret
Linesman : Ryan Gibbons and Julien Fournier
Game Notes
No Game Note
Finance
Level 1 -- Attendance: 5602 (93.37%) -- Ticket Income $560,200
Level 2 -- Attendance: 4444 (88.88%) -- Ticket Income $311,080
Level 3 -- Attendance: 1822 (91.10%) -- Ticket Income $72,880
Level 4 -- Attendance: 4000 (100.00%) -- Ticket Income $120,000
Luxury Box -- Attendance: 1000 (100.00%) -- Ticket Income $200,000
Game was played at the TD Garden.
Total Attendance: 16868 (93.71%)
Total Ticket Income: $1,264,160
Other Income: $189,624
Total Income: $1,453,784
Stars
5 vs 5 Forward
Center Left Wing Right Wing Time % Phy DF OF
1 Sidney Crosby Jake Guentzel Michael Grabner 40 1 2 2
2 Evgeny Grachev Tobias Rieder Alex Chiasson 30 1 2 2
3 Evgeny Kuznetsov Adam Tambellini Cam Atkinson 20 1 2 2
4 Henrik Borgstrom Shane Gersich Ilya Mikheyev 10 1 2 2
5 vs 5 Defense
Defense Defense Time % Phy DF OF
1 Paul Ladue Tyler Wotherspoon 40 1 2 2
2 Anton Cederholm Brian Lee 30 1 2 2
3 Wiley Sherman Reece Willcox 20 1 2 2
4 Paul Ladue Tyler Wotherspoon 10 1 2 2
PowerPlay Forward
Center Left Wing Right Wing Time % Phy DF OF
1 Sidney Crosby Jake Guentzel Michael Grabner 60 0 2 3
2 Evgeny Grachev Tobias Rieder Alex Chiasson 40 0 2 3
PowerPlay Defense
Defense Defense Time % Phy DF OF
1 Paul Ladue Tyler Wotherspoon 60 1 2 2
2 Anton Cederholm Brian Lee 40 1 2 2
Penalty Kill 4 Players Forward
Center Wing Time % Phy DF OF
1 Sidney Crosby Jake Guentzel 60 1 2 2
2 Evgeny Grachev Tobias Rieder 40 1 2 2
Penalty Kill 4 Players Defense
Defense Defense Time % Phy DF OF
1 Paul Ladue Tyler Wotherspoon 60 0 3 2
2 Anton Cederholm Brian Lee 40 0 3 2
Penalty Kill - 3 Players Forward
Forward Time % Phy DF OF
1 Sidney Crosby 60 1 2 2
2 Evgeny Grachev 40 1 2 2
Penalty Kill - 3 Players Defense
Defense Defense Time % Phy DF OF
1 Paul Ladue Tyler Wotherspoon 60 0 3 2
2 Anton Cederholm Brian Lee 40 0 3 2
4 vs 4 Forward
Center Wing Time % Phy DF OF
1 Sidney Crosby Jake Guentzel 60 0 2 3
2 Evgeny Grachev Tobias Rieder 40 0 2 3
4 vs 4 Defense
Defense Defense Time % Phy DF OF
1 Paul Ladue Tyler Wotherspoon 60 1 2 2
2 Anton Cederholm Brian Lee 40 1 2 2
Last Minutes Offensive
Center Left Wing Right Wing Defense Defense
Sidney Crosby Jake Guentzel Michael Grabner Paul Ladue Tyler Wotherspoon
Last Minutes Defensive
Center Left Wing Right Wing Defense Defense
Sidney Crosby Jake Guentzel Michael Grabner Paul Ladue Tyler Wotherspoon
Goaltenders
Starting : Matt Murray
Backup : Michael Houser
Extra Forwards
Normal : Tobias Rieder, Evgeny Grachev, Cam Atkinson - PP : Tobias Rieder, Evgeny Grachev - PK : Tobias Rieder
Extra Defensemen
Normal : Brian Lee, Wiley Sherman, Reece Willcox - PP : Brian Lee - PK : Brian Lee, Wiley Sherman
Penalty Shots
Sidney Crosby, Jake Guentzel, Michael Grabner, Alex Chiasson, Tobias Rieder
Custom OT Lines Forwards
Sidney Crosby, Jake Guentzel, Michael Grabner, Alex Chiasson, Tobias Rieder, Evgeny Grachev, Cam Atkinson, Ilya Mikheyev, Evgeny Kuznetsov, Henrik Borgstrom
Custom OT Lines Defensemen
Paul Ladue, Tyler Wotherspoon, Anton Cederholm, Brian Lee, Wiley Sherman
Scratches
Andrej Sustr (Bruised Right Arm Injury), Guillaume Latendresse (Healthy), Scott Kosmachuck (Healthy), Ben Chiarot (Chest/Ribs Injury)
Bruins
5 vs 5 Forward
Center Left Wing Right Wing Time % Phy DF OF
1 Jonathan Toews Gabriel Landeskog Zack Kassian 40 1 2 2
2 Alexander Wennberg Wojtek Wolski Mark Stone 30 1 2 2
3 Casey Cizikas Eric Wellwood Andreas Athanasiou 20 1 2 2
4 John Quenneville Zemgus Girgensons Gabriel Landeskog 10 1 2 2
5 vs 5 Defense
Defense Defense Time % Phy DF OF
1 Jason Demers Madison Bowey 40 1 2 2
2 Torey Krug Josh Manson 30 1 2 2
3 Adam Pelech Mattias Ekholm 20 1 2 2
4 Brett Pesce Jason Demers 10 1 2 2
PowerPlay Forward
Center Left Wing Right Wing Time % Phy DF OF
1 Jonathan Toews Gabriel Landeskog Zack Kassian 60 1 2 2
2 Alexander Wennberg Wojtek Wolski Mark Stone 40 1 2 2
PowerPlay Defense
Defense Defense Time % Phy DF OF
1 Jason Demers Madison Bowey 60 1 2 2
2 Torey Krug Josh Manson 40 1 2 2
Penalty Kill 4 Players Forward
Center Wing Time % Phy DF OF
1 Gabriel Landeskog Zack Kassian 60 1 2 2
2 Jonathan Toews Alexander Wennberg 40 1 2 2
Penalty Kill 4 Players Defense
Defense Defense Time % Phy DF OF
1 Jason Demers Madison Bowey 60 1 2 2
2 Torey Krug Josh Manson 40 1 2 2
Penalty Kill - 3 Players Forward
Forward Time % Phy DF OF
1 Gabriel Landeskog 60 1 2 2
2 Zack Kassian 40 1 2 2
Penalty Kill - 3 Players Defense
Defense Defense Time % Phy DF OF
1 Jason Demers Madison Bowey 60 1 2 2
2 Torey Krug Josh Manson 40 1 2 2
4 vs 4 Forward
Center Wing Time % Phy DF OF
1 Gabriel Landeskog Zack Kassian 60 1 2 2
2 Jonathan Toews Alexander Wennberg 40 1 2 2
4 vs 4 Defense
Defense Defense Time % Phy DF OF
1 Jason Demers Madison Bowey 60 1 2 2
2 Torey Krug Josh Manson 40 1 2 2
Last Minutes Offensive
Center Left Wing Right Wing Defense Defense
Jonathan Toews Gabriel Landeskog Zack Kassian Jason Demers Madison Bowey
Last Minutes Defensive
Center Left Wing Right Wing Defense Defense
Jonathan Toews Gabriel Landeskog Zack Kassian Jason Demers Madison Bowey
Goaltenders
Starting : Kevin Poulin
Backup : Tuukka Rask
Extra Forwards
Normal : Eric Wellwood, Casey Cizikas, Andreas Athanasiou - PP : Eric Wellwood, Casey Cizikas - PK : Andreas Athanasiou
Extra Defensemen
Normal : Adam Pelech, Mattias Ekholm, Brett Pesce - PP : Adam Pelech - PK : Mattias Ekholm, Brett Pesce
Penalty Shots
Gabriel Landeskog, Zack Kassian, Jonathan Toews, Alexander Wennberg, Wojtek Wolski
Custom OT Lines Forwards
Gabriel Landeskog, Zack Kassian, Jonathan Toews, Alexander Wennberg, Wojtek Wolski, Mark Stone, Eric Wellwood, Casey Cizikas, Andreas Athanasiou, Zemgus Girgensons
Custom OT Lines Defensemen
Jason Demers, Madison Bowey, Torey Krug, Josh Manson, Adam Pelech
Scratches
Craig Smith (Sprained Right Finger Injury), Walker Duehr (Healthy)
% Time on Ice - Stars
Lines # - Real PCT - Wanted PCT - Time Play
Normal Forward
1 - 33% - 40% - 13:46
2 - 22% - 30% - 9:24
3 - 27% - 20% - 11:30
4 - 17% - 10% - 7:15
Normal Defense
1 - 39% - 40% - 16:10
2 - 30% - 30% - 12:30
3 - 30% - 20% - 12:46
4 - 1% - 10% - 0:29
PP Forward
1 - 58% - 60% - 8:11
2 - 42% - 40% - 5:56
PP Defense
1 - 64% - 60% - 9:02
2 - 36% - 40% - 5:05
PK Forward
1 - 86% - 60% - 3:25
2 - 14% - 40% - 0:33
PK Defense
1 - 71% - 60% - 2:49
2 - 29% - 40% - 1:09
PK3 Forward
1 - 0% - 60%
2 - 0% - 40%
PK3 Defense
1 - 0% - 60%
2 - 0% - 40%
44 Forward
1 - 0% - 60%
2 - 0% - 40%
44 Defense
1 - 0% - 60%
2 - 0% - 40%
Last Minute Offensive - 0:00
Last Minute Defensive - 0:00
Total
Forward - 60:00
Defense - 60:00
|
% Time on Ice - Bruins
Lines # - Real PCT - Wanted PCT - Time Play
Normal Forward
1 - 32% - 40% - 13:32
2 - 32% - 30% - 13:18
3 - 25% - 20% - 10:30
4 - 11% - 10% - 4:35
Normal Defense
1 - 41% - 40% - 17:20
2 - 30% - 30% - 12:22
3 - 23% - 20% - 9:44
4 - 6% - 10% - 2:29
PP Forward
1 - 61% - 60% - 2:25
2 - 39% - 40% - 1:33
PP Defense
1 - 42% - 60% - 1:41
2 - 58% - 40% - 2:17
PK Forward
1 - 75% - 60% - 10:37
2 - 25% - 40% - 3:30
PK Defense
1 - 65% - 60% - 9:07
2 - 35% - 40% - 5:00
PK3 Forward
1 - 0% - 60%
2 - 0% - 40%
PK3 Defense
1 - 0% - 60%
2 - 0% - 40%
44 Forward
1 - 0% - 60%
2 - 0% - 40%
44 Defense
1 - 0% - 60%
2 - 0% - 40%
Last Minute Offensive - 0:00
Last Minute Defensive - 0:00
Total
Forward - 60:00
Defense - 60:00
|
Play-by-Play
1st period
0:01 of 1st period - Jonathan Toews wins face-off versus Sidney Crosby in neutral zone.
0:12 of 1st period - Snap shot by Zack Kassian.
0:12 of 1st period - Shot Misses the Net.
0:54 of 1st period - Ilya Mikheyev is hit by Jason Demers and loses puck.
1:15 of 1st period - Snap shot by Evgeny Kuznetsov.
1:15 of 1st period - Stopped by Kevin Poulin with a rebound.
1:17 of 1st period - Slapshot by Brian Lee.
1:17 of 1st period - Shot Blocked by Josh Manson.
1:19 of 1st period - Wrist shot by Brian Lee.
1:19 of 1st period - Stopped by Kevin Poulin without a rebound.
1:20 of 1st period - Jonathan Toews wins face-off versus Sidney Crosby in Bruins zone.
1:20 of 1st period - Jonathan Toews is hit by Michael Grabner.
2:11 of 1st period - Tyler Wotherspoon is hit by Torey Krug and loses puck.
2:30 of 1st period - Jason Demers is hit by Ilya Mikheyev and loses puck.
2:39 of 1st period - Anton Cederholm is hit by Jonathan Toews and loses puck.
3:14 of 1st period - Snap shot by Tobias Rieder.
3:14 of 1st period - Shot Blocked by Mattias Ekholm.
3:38 of 1st period - Slapshot by Evgeny Kuznetsov.
3:38 of 1st period - Stopped by Kevin Poulin with a rebound.
3:40 of 1st period - Slapshot by Tyler Wotherspoon.
3:40 of 1st period - Shot Blocked by Mattias Ekholm.
5:09 of 1st period - Jason Demers is hit by Anton Cederholm and loses puck.
5:30 of 1st period - Paul Ladue is hit by Jason Demers and loses puck.
5:37 of 1st period - Wrist shot by Andreas Athanasiou.
5:37 of 1st period - Shot Misses the Net.
5:53 of 1st period - Snap shot by Mark Stone.
5:53 of 1st period - Shot Misses the Net.
5:55 of 1st period - Slapshot by Josh Manson.
5:55 of 1st period - Stopped by Matt Murray without a rebound.
5:56 of 1st period - Sidney Crosby wins face-off versus Mark Stone in Stars zone.
6:11 of 1st period - Snap shot by Michael Grabner.
6:11 of 1st period - Stopped by Kevin Poulin with a rebound.
6:13 of 1st period - Snap shot by Brian Lee.
6:13 of 1st period - Deflect By Wojtek Wolski.
6:13 of 1st period - Stopped by Kevin Poulin without a rebound.
6:14 of 1st period - Evgeny Grachev wins face-off versus Jonathan Toews in Bruins zone.
7:18 of 1st period - Cam Atkinson is hit by Gabriel Landeskog and loses puck.
8:03 of 1st period - Jason Demers is hit by Adam Tambellini.
8:25 of 1st period - Snap shot by Evgeny Grachev.
8:25 of 1st period - Shot Blocked by Jason Demers.
9:38 of 1st period - Snap shot by John Quenneville.
9:38 of 1st period - Shot Blocked by Alex Chiasson.
9:40 of 1st period - Snap shot by Torey Krug.
9:40 of 1st period - Stopped by Matt Murray with a rebound.
10:26 of 1st period - Henrik Borgstrom is hit by Gabriel Landeskog and loses puck.
11:19 of 1st period - Evgeny Grachev is hit by Zack Kassian and loses puck.
11:34 of 1st period - Snap shot by Evgeny Kuznetsov.
11:34 of 1st period - Shot Blocked by Jonathan Toews.
11:40 of 1st period - Wrist shot by Evgeny Kuznetsov.
11:40 of 1st period - Stopped by Kevin Poulin with a rebound.
11:48 of 1st period - Minor Penalty to Torey Krug for Roughing.
11:49 of 1st period - Gabriel Landeskog wins face-off versus Jake Guentzel in Bruins zone.
12:22 of 1st period - Snap shot by Evgeny Grachev.
12:22 of 1st period - Stopped by Kevin Poulin without a rebound.
12:23 of 1st period - Jake Guentzel wins face-off versus Gabriel Landeskog in Bruins zone.
12:36 of 1st period - Snap shot by Sidney Crosby.
12:36 of 1st period - Stopped by Kevin Poulin with a rebound.
12:38 of 1st period - Wrist shot by Brian Lee.
12:38 of 1st period - Shot Misses the Net.
12:40 of 1st period - Wrist shot by Michael Grabner.
12:40 of 1st period - Stopped by Kevin Poulin without a rebound.
12:41 of 1st period - Evgeny Grachev wins face-off versus Jonathan Toews in Bruins zone.
13:07 of 1st period - Icing by Paul Ladue.
13:08 of 1st period - Gabriel Landeskog wins face-off versus Evgeny Grachev in Stars zone.
13:48 of 1st period - Penalty to Torey Krug is over, Torey Krug is back on ice.
13:58 of 1st period - Wrist shot by Casey Cizikas.
13:58 of 1st period - Stopped by Matt Murray with a rebound.
14:04 of 1st period - Wrist shot by Andreas Athanasiou.
14:04 of 1st period - Shot Misses the Net.
14:06 of 1st period - Snap shot by Mattias Ekholm.
14:06 of 1st period - Deflect By Cam Atkinson.
14:06 of 1st period - Stopped by Matt Murray with a rebound.
14:08 of 1st period - Slapshot by Andreas Athanasiou.
14:08 of 1st period - Stopped by Matt Murray with a rebound.
14:24 of 1st period - Slapshot by Wojtek Wolski.
14:24 of 1st period - Deflect By Alexander Wennberg.
14:24 of 1st period - Stopped by Matt Murray without a rebound.
14:25 of 1st period - Alexander Wennberg wins face-off versus Sidney Crosby in Stars zone.
14:29 of 1st period - Icing by Reece Willcox.
14:30 of 1st period - Jonathan Toews wins face-off versus Sidney Crosby in Stars zone.
14:31 of 1st period - Slapshot by Zack Kassian.
14:31 of 1st period - Deflect By Jonathan Toews.
14:31 of 1st period - Shot Blocked by Sidney Crosby.
14:31 of 1st period - Puck is out of play.
14:32 of 1st period - Sidney Crosby wins face-off versus Jonathan Toews in Stars zone.
14:32 of 1st period - Sidney Crosby is hit by Jonathan Toews.
16:06 of 1st period - Snap shot by Evgeny Kuznetsov.
16:06 of 1st period - Stopped by Kevin Poulin with a rebound.
16:08 of 1st period - Wrist shot by Cam Atkinson.
16:08 of 1st period - Stopped by Kevin Poulin with a rebound.
16:39 of 1st period - Icing by Torey Krug.
16:40 of 1st period - Evgeny Grachev wins face-off versus Casey Cizikas in Bruins zone.
16:56 of 1st period - Off-side.
16:57 of 1st period - Jonathan Toews wins face-off versus Sidney Crosby in neutral zone.
17:02 of 1st period - Wrist shot by Zack Kassian.
17:02 of 1st period - Stopped by Matt Murray without a rebound.
17:03 of 1st period - Sidney Crosby wins face-off versus Jonathan Toews in Stars zone.
18:00 of 1st period - Slapshot by Jonathan Toews.
18:00 of 1st period - Deflect By Zack Kassian.
18:00 of 1st period - Stopped by Matt Murray without a rebound.
18:01 of 1st period - Jake Guentzel wins face-off versus Alexander Wennberg in Stars zone.
18:14 of 1st period - Snap shot by Jake Guentzel.
18:14 of 1st period - Shot Blocked by Alexander Wennberg.
18:24 of 1st period - Minor Penalty to Mattias Ekholm for Cross-checking.
18:25 of 1st period - Sidney Crosby wins face-off versus Gabriel Landeskog in Bruins zone.
18:26 of 1st period - Slapshot by Jake Guentzel.
18:26 of 1st period - Stopped by Kevin Poulin with a rebound.
19:27 of 1st period - Josh Manson is hit by Sidney Crosby and loses puck.
Goals for this period are 0 for Stars vs 0 for Bruins.
Shots for this period are 12 for Stars vs 8 for Bruins.
2nd period
0:01 of 2nd period - Jake Guentzel wins face-off versus Gabriel Landeskog in neutral zone.
0:10 of 2nd period - Slapshot by Paul Ladue.
0:10 of 2nd period - Deflect By Jason Demers.
0:10 of 2nd period - Stopped by Kevin Poulin without a rebound.
0:11 of 2nd period - Gabriel Landeskog wins face-off versus Sidney Crosby in Bruins zone.
0:24 of 2nd period - Penalty to Mattias Ekholm is over, Mattias Ekholm is back on ice.
0:44 of 2nd period - Slapshot by Wojtek Wolski.
0:44 of 2nd period - Stopped by Matt Murray without a rebound.
0:45 of 2nd period - Evgeny Grachev wins face-off versus Alexander Wennberg in Stars zone.
1:34 of 2nd period - Anton Cederholm is hit by Wojtek Wolski and loses puck.
1:43 of 2nd period - Wrist shot by Alexander Wennberg.
1:43 of 2nd period - Shot Blocked by Alex Chiasson.
1:45 of 2nd period - Wrist shot by Mark Stone.
1:45 of 2nd period - Deflect By Wojtek Wolski.
1:45 of 2nd period - Shot Misses the Net.
1:45 of 2nd period - Puck is out of play.
1:46 of 2nd period - Sidney Crosby wins face-off versus Jonathan Toews in Stars zone.
2:01 of 2nd period - Snap shot by Jonathan Toews.
2:01 of 2nd period - Shot Misses the Net.
2:07 of 2nd period - Madison Bowey is hit by Paul Ladue and loses puck.
2:19 of 2nd period - Icing by Jason Demers.
2:20 of 2nd period - Casey Cizikas wins face-off versus Evgeny Kuznetsov in Bruins zone.
2:43 of 2nd period - Backhand shot by Evgeny Kuznetsov.
2:43 of 2nd period - Deflect By Adam Tambellini.
2:43 of 2nd period - Stopped by Kevin Poulin with a rebound.
2:57 of 2nd period - Wrist shot by Casey Cizikas.
2:57 of 2nd period - Deflect By Andreas Athanasiou.
2:57 of 2nd period - Stopped by Matt Murray without a rebound.
2:58 of 2nd period - Zack Kassian wins face-off versus Sidney Crosby in Stars zone.
3:15 of 2nd period - Snap shot by Jake Guentzel.
3:15 of 2nd period - Shot Blocked by Torey Krug.
3:36 of 2nd period - Slapshot by Zack Kassian.
3:36 of 2nd period - Stopped by Matt Murray without a rebound.
3:37 of 2nd period - Evgeny Grachev wins face-off versus Alexander Wennberg in Stars zone.
3:41 of 2nd period - Minor Penalty to Mark Stone for Roughing.
3:42 of 2nd period - Gabriel Landeskog wins face-off versus Sidney Crosby in Bruins zone.
5:41 of 2nd period - Penalty to Mark Stone is over, Mark Stone is back on ice.
5:49 of 2nd period - Snap shot by Mark Stone.
5:49 of 2nd period - Stopped by Matt Murray with a rebound.
5:51 of 2nd period - Snap shot by Mark Stone.
5:51 of 2nd period - Shot Misses the Net.
5:53 of 2nd period - Slapshot by Andreas Athanasiou.
5:53 of 2nd period - Shot Misses the Net.
5:55 of 2nd period - Snap shot by Andreas Athanasiou.
5:55 of 2nd period - Shot Blocked by Brian Lee.
6:05 of 2nd period - Snap shot by Mark Stone.
6:05 of 2nd period - Deflect By Andreas Athanasiou.
6:05 of 2nd period - Shot Misses the Net.
6:05 of 2nd period - Puck is out of play.
6:06 of 2nd period - Henrik Borgstrom wins face-off versus Alexander Wennberg in Stars zone.
6:31 of 2nd period - Slapshot by Sidney Crosby.
6:31 of 2nd period - Shot Misses the Net.
6:33 of 2nd period - Snap shot by Jake Guentzel.
6:33 of 2nd period - Goal by Jake Guentzel - Stars : 1 - Bruins : 0.
6:34 of 2nd period - Sidney Crosby wins face-off versus Jonathan Toews in neutral zone.
6:37 of 2nd period - Backhand shot by Tyler Wotherspoon.
6:37 of 2nd period - Stopped by Kevin Poulin without a rebound.
6:38 of 2nd period - Zack Kassian wins face-off versus Sidney Crosby in Bruins zone.
6:49 of 2nd period - Wrist shot by Gabriel Landeskog.
6:49 of 2nd period - Deflect By Paul Ladue.
6:49 of 2nd period - Shot Misses the Net.
6:49 of 2nd period - Puck is out of play.
6:50 of 2nd period - Jonathan Toews wins face-off versus Sidney Crosby in Stars zone.
7:04 of 2nd period - Sidney Crosby is hit by Gabriel Landeskog and loses puck.
7:36 of 2nd period - Minor Penalty to Jonathan Toews for Slashing.
7:37 of 2nd period - Zack Kassian wins face-off versus Sidney Crosby in Bruins zone.
7:52 of 2nd period - Slapshot by Michael Grabner.
7:52 of 2nd period - Shot Blocked by Torey Krug.
7:54 of 2nd period - Backhand shot by Tyler Wotherspoon.
7:54 of 2nd period - Stopped by Kevin Poulin with a rebound.
9:36 of 2nd period - Penalty to Jonathan Toews is over, Jonathan Toews is back on ice.
10:14 of 2nd period - Wojtek Wolski is hit by Evgeny Kuznetsov and loses puck.
10:21 of 2nd period - Wrist shot by Adam Tambellini.
10:21 of 2nd period - Stopped by Kevin Poulin with a rebound.
11:55 of 2nd period - Brian Lee is hit by Zack Kassian and loses puck.
12:01 of 2nd period - Icing by Ilya Mikheyev.
12:02 of 2nd period - Jonathan Toews wins face-off versus Henrik Borgstrom in Stars zone.
12:19 of 2nd period - Snap shot by Sidney Crosby.
12:19 of 2nd period - Shot Misses the Net.
12:46 of 2nd period - Snap shot by Tobias Rieder.
12:46 of 2nd period - Shot Misses the Net.
13:09 of 2nd period - Snap shot by Casey Cizikas.
13:09 of 2nd period - Shot Misses the Net.
13:37 of 2nd period - Minor Penalty to Josh Manson for Roughing.
13:38 of 2nd period - Gabriel Landeskog wins face-off versus Sidney Crosby in Bruins zone.
13:46 of 2nd period - Off-side.
13:47 of 2nd period - Gabriel Landeskog wins face-off versus Sidney Crosby in neutral zone.
13:58 of 2nd period - Wrist shot by Sidney Crosby.
13:58 of 2nd period - Shot Misses the Net.
14:02 of 2nd period - Wrist shot by Michael Grabner.
14:02 of 2nd period - Stopped by Kevin Poulin with a rebound.
14:04 of 2nd period - Slapshot by Paul Ladue.
14:04 of 2nd period - Stopped by Kevin Poulin without a rebound.
14:05 of 2nd period - Gabriel Landeskog wins face-off versus Evgeny Grachev in Bruins zone.
14:12 of 2nd period - Slapshot by Jason Demers.
14:12 of 2nd period - Shot Misses the Net.
14:14 of 2nd period - Snap shot by Zack Kassian.
14:14 of 2nd period - Shot Blocked by Tyler Wotherspoon.
14:16 of 2nd period - Slapshot by Jason Demers.
14:16 of 2nd period - Shot Blocked by Alex Chiasson.
14:50 of 2nd period - Slapshot by Brian Lee.
14:50 of 2nd period - Stopped by Kevin Poulin with a rebound.
15:37 of 2nd period - Penalty to Josh Manson is over, Josh Manson is back on ice.
15:44 of 2nd period - Torey Krug is hit by Cam Atkinson and loses puck.
16:28 of 2nd period - Alex Chiasson is hit by Jason Demers.
16:42 of 2nd period - Adam Tambellini is hit by Eric Wellwood and loses puck.
17:06 of 2nd period - Snap shot by Zemgus Girgensons.
17:06 of 2nd period - Deflect By Gabriel Landeskog.
17:06 of 2nd period - Stopped by Matt Murray with a rebound.
17:10 of 2nd period - Wrist shot by Gabriel Landeskog.
17:10 of 2nd period - Shot Misses the Net.
17:57 of 2nd period - Slapshot by Sidney Crosby.
17:57 of 2nd period - Shot Blocked by John Quenneville.
17:59 of 2nd period - Snap shot by Sidney Crosby.
17:59 of 2nd period - Shot Misses the Net.
18:01 of 2nd period - Wrist shot by Sidney Crosby.
18:01 of 2nd period - Deflect By Jake Guentzel.
18:01 of 2nd period - Shot Misses the Net.
18:01 of 2nd period - Puck is out of play.
18:02 of 2nd period - Eric Wellwood wins face-off versus Sidney Crosby in Bruins zone.
18:11 of 2nd period - Snap shot by Michael Grabner.
18:11 of 2nd period - Shot Blocked by Mattias Ekholm.
18:23 of 2nd period - Minor Penalty to Tyler Wotherspoon for Hooking.
18:24 of 2nd period - Sidney Crosby wins face-off versus Jonathan Toews in Stars zone.
Goals for this period are 1 for Stars vs 0 for Bruins.
Shots for this period are 9 for Stars vs 5 for Bruins.
3rd period
0:01 of 3rd period - Jonathan Toews wins face-off versus Sidney Crosby in neutral zone.
0:23 of 3rd period - Penalty to Tyler Wotherspoon is over, Tyler Wotherspoon is back on ice.
0:26 of 3rd period - Paul Ladue is hit by Jason Demers.
1:13 of 3rd period - Slapshot by Zemgus Girgensons.
1:13 of 3rd period - Stopped by Matt Murray without a rebound.
1:14 of 3rd period - John Quenneville wins face-off versus Evgeny Kuznetsov in Stars zone.
1:22 of 3rd period - Slapshot by John Quenneville.
1:22 of 3rd period - Stopped by Matt Murray without a rebound.
1:23 of 3rd period - Evgeny Grachev wins face-off versus Jonathan Toews in Stars zone.
1:48 of 3rd period - Slapshot by Torey Krug.
1:48 of 3rd period - Shot Blocked by Michael Grabner.
2:23 of 3rd period - Snap shot by Andreas Athanasiou.
2:23 of 3rd period - Deflect By Eric Wellwood.
2:23 of 3rd period - Shot Blocked by Tyler Wotherspoon.
2:23 of 3rd period - Puck is out of play.
2:24 of 3rd period - Jonathan Toews wins face-off versus Sidney Crosby in Stars zone.
2:25 of 3rd period - Backhand shot by Gabriel Landeskog.
2:25 of 3rd period - Shot Blocked by Anton Cederholm.
3:03 of 3rd period - Minor Penalty to Gabriel Landeskog for Hooking.
3:04 of 3rd period - Sidney Crosby wins face-off versus Andreas Athanasiou in Bruins zone.
3:06 of 3rd period - Snap shot by Sidney Crosby.
3:06 of 3rd period - Shot Blocked by Andreas Athanasiou.
3:08 of 3rd period - Backhand shot by Paul Ladue.
3:08 of 3rd period - Shot Blocked by Madison Bowey.
3:14 of 3rd period - Wrist shot by Sidney Crosby.
3:14 of 3rd period - Stopped by Kevin Poulin with a rebound.
3:16 of 3rd period - Slapshot by Jake Guentzel.
3:16 of 3rd period - Shot Misses the Net.
3:18 of 3rd period - Slapshot by Paul Ladue.
3:18 of 3rd period - Shot Blocked by Madison Bowey.
3:20 of 3rd period - Snap shot by Sidney Crosby.
3:20 of 3rd period - Stopped by Kevin Poulin without a rebound.
3:21 of 3rd period - Sidney Crosby wins face-off versus Andreas Athanasiou in Bruins zone.
3:43 of 3rd period - Wrist shot by Tobias Rieder.
3:43 of 3rd period - Shot Blocked by Alexander Wennberg.
3:45 of 3rd period - Wrist shot by Alex Chiasson.
3:45 of 3rd period - Stopped by Kevin Poulin without a rebound.
3:46 of 3rd period - Evgeny Grachev wins face-off versus Alexander Wennberg in Bruins zone.
3:57 of 3rd period - Wrist shot by Tobias Rieder.
3:57 of 3rd period - Stopped by Kevin Poulin without a rebound.
3:58 of 3rd period - Andreas Athanasiou wins face-off versus Jake Guentzel in Bruins zone.
5:03 of 3rd period - Penalty to Gabriel Landeskog is over, Gabriel Landeskog is back on ice.
5:14 of 3rd period - Slapshot by Josh Manson.
5:14 of 3rd period - Shot Misses the Net.
5:56 of 3rd period - Snap shot by Evgeny Grachev.
5:56 of 3rd period - Stopped by Kevin Poulin without a rebound.
5:57 of 3rd period - Casey Cizikas wins face-off versus Evgeny Grachev in Bruins zone.
6:10 of 3rd period - Slapshot by Tobias Rieder.
6:10 of 3rd period - Stopped by Kevin Poulin with a rebound.
6:30 of 3rd period - Snap shot by Jake Guentzel.
6:30 of 3rd period - Stopped by Kevin Poulin with a rebound.
6:32 of 3rd period - Snap shot by Brian Lee.
6:32 of 3rd period - Stopped by Kevin Poulin with a rebound.
8:01 of 3rd period - Minor Penalty to Michael Grabner for Tripping.
8:02 of 3rd period - Sidney Crosby wins face-off versus Jonathan Toews in Stars zone.
8:59 of 3rd period - Zack Kassian is hit by Jake Guentzel and loses puck.
9:06 of 3rd period - Sidney Crosby is hit by Josh Manson and loses puck.
10:01 of 3rd period - Penalty to Michael Grabner is over, Michael Grabner is back on ice.
10:11 of 3rd period - Wrist shot by Casey Cizikas.
10:11 of 3rd period - Shot Blocked by Tyler Wotherspoon.
10:13 of 3rd period - Snap shot by Eric Wellwood.
10:13 of 3rd period - Stopped by Matt Murray with a rebound.
10:15 of 3rd period - Snap shot by Andreas Athanasiou.
10:15 of 3rd period - Stopped by Matt Murray with a rebound.
10:17 of 3rd period - Wrist shot by Eric Wellwood.
10:17 of 3rd period - Goal by Eric Wellwood - Stars : 1 - Bruins : 1.
10:18 of 3rd period - Alexander Wennberg wins face-off versus Sidney Crosby in neutral zone.
10:35 of 3rd period - Wrist shot by Sidney Crosby.
10:35 of 3rd period - Shot Misses the Net.
11:34 of 3rd period - Wrist shot by John Quenneville.
11:34 of 3rd period - Shot Misses the Net.
11:46 of 3rd period - Wrist shot by Sidney Crosby.
11:46 of 3rd period - Stopped by Kevin Poulin without a rebound.
11:47 of 3rd period - Alexander Wennberg wins face-off versus Sidney Crosby in Bruins zone.
11:47 of 3rd period - Alexander Wennberg is hit by Sidney Crosby.
11:53 of 3rd period - Slapshot by Madison Bowey.
11:53 of 3rd period - Shot Blocked by Tyler Wotherspoon.
11:55 of 3rd period - Wrist shot by Mark Stone.
11:55 of 3rd period - Deflect By Alexander Wennberg.
11:55 of 3rd period - Stopped by Matt Murray with a rebound.
12:01 of 3rd period - Snap shot by Wojtek Wolski.
12:01 of 3rd period - Goal by Wojtek Wolski - Stars : 1 - Bruins : 2.
12:02 of 3rd period - Jonathan Toews wins face-off versus Sidney Crosby in neutral zone.
12:02 of 3rd period - Jonathan Toews is hit by Paul Ladue.
12:06 of 3rd period - Tyler Wotherspoon is hit by Jonathan Toews.
12:16 of 3rd period - Snap shot by Sidney Crosby.
12:16 of 3rd period - Shot Blocked by Jason Demers.
13:01 of 3rd period - Snap shot by Andreas Athanasiou.
13:01 of 3rd period - Shot Blocked by Adam Tambellini.
13:39 of 3rd period - Wrist shot by Tobias Rieder.
13:39 of 3rd period - Shot Blocked by Mark Stone.
13:41 of 3rd period - Slapshot by Anton Cederholm.
13:41 of 3rd period - Shot Blocked by Alexander Wennberg.
13:43 of 3rd period - Snap shot by Alex Chiasson.
13:43 of 3rd period - Deflect By Evgeny Grachev.
13:43 of 3rd period - Stopped by Kevin Poulin without a rebound.
13:44 of 3rd period - Jonathan Toews wins face-off versus Evgeny Grachev in Bruins zone.
13:46 of 3rd period - Minor Penalty to Zack Kassian for Hooking.
13:47 of 3rd period - Sidney Crosby wins face-off versus Gabriel Landeskog in Bruins zone.
13:54 of 3rd period - Icing by Michael Grabner.
13:55 of 3rd period - Gabriel Landeskog wins face-off versus Sidney Crosby in Stars zone.
14:16 of 3rd period - Snap shot by Sidney Crosby.
14:16 of 3rd period - Stopped by Kevin Poulin with a rebound.
14:18 of 3rd period - Wrist shot by Tyler Wotherspoon.
14:18 of 3rd period - Stopped by Kevin Poulin without a rebound.
14:19 of 3rd period - Evgeny Grachev wins face-off versus Gabriel Landeskog in Bruins zone.
14:26 of 3rd period - Snap shot by Alex Chiasson.
14:26 of 3rd period - Shot Blocked by Madison Bowey.
14:28 of 3rd period - Slapshot by Anton Cederholm.
14:28 of 3rd period - Shot Blocked by Gabriel Landeskog.
14:30 of 3rd period - Snap shot by Tobias Rieder.
14:30 of 3rd period - Shot Misses the Net.
14:45 of 3rd period - Madison Bowey is hit by Michael Grabner and loses puck.
14:54 of 3rd period - Slapshot by Michael Grabner.
14:54 of 3rd period - Shot Blocked by Eric Wellwood.
15:46 of 3rd period - Penalty to Zack Kassian is over, Zack Kassian is back on ice.
15:56 of 3rd period - Snap shot by Wojtek Wolski.
15:56 of 3rd period - Stopped by Matt Murray without a rebound.
15:57 of 3rd period - Jonathan Toews wins face-off versus Cam Atkinson in Stars zone.
18:09 of 3rd period - Snap shot by Adam Tambellini.
18:09 of 3rd period - Shot Blocked by Mark Stone.
18:38 of 3rd period - Minor Penalty to Andreas Athanasiou for Cross-checking.
18:39 of 3rd period - Gabriel Landeskog wins face-off versus Sidney Crosby in Bruins zone.
18:46 of 3rd period - Stars, Matt Murray is pulled from the net.
18:52 of 3rd period - Wrist shot by Sidney Crosby.
18:52 of 3rd period - Goal by Sidney Crosby - Stars : 2 - Bruins : 2.
18:52 of 3rd period - Matt Murray from Stars was sent back in the game.
18:53 of 3rd period - Casey Cizikas wins face-off versus Evgeny Kuznetsov in neutral zone.
19:02 of 3rd period - Slapshot by Jason Demers.
19:02 of 3rd period - Shot Blocked by Paul Ladue.
19:04 of 3rd period - Wrist shot by Eric Wellwood.
19:04 of 3rd period - Stopped by Matt Murray without a rebound.
19:05 of 3rd period - Casey Cizikas wins face-off versus Evgeny Kuznetsov in Stars zone.
19:08 of 3rd period - Wrist shot by Eric Wellwood.
19:08 of 3rd period - Shot Misses the Net.
19:10 of 3rd period - Snap shot by Andreas Athanasiou.
19:10 of 3rd period - Stopped by Matt Murray without a rebound.
19:11 of 3rd period - Evgeny Kuznetsov wins face-off versus Casey Cizikas in Stars zone.
19:28 of 3rd period - Snap shot by Adam Tambellini.
19:28 of 3rd period - Shot Misses the Net.
Goals for this period are 1 for Stars vs 2 for Bruins.
Shots for this period are 13 for Stars vs 10 for Bruins.
Overtime #1
0:01 of 1st overtime period - Sidney Crosby wins face-off versus Gabriel Landeskog in neutral zone.
0:36 of 1st overtime period - Wrist shot by Michael Grabner.
0:36 of 1st overtime period - Stopped by Kevin Poulin without a rebound.
0:37 of 1st overtime period - Sidney Crosby wins face-off versus Gabriel Landeskog in Bruins zone.
1:16 of 1st overtime period - Snap shot by Michael Grabner.
1:16 of 1st overtime period - Shot Misses the Net.
1:18 of 1st overtime period - Slapshot by Michael Grabner.
1:18 of 1st overtime period - Stopped by Kevin Poulin with a rebound.
1:30 of 1st overtime period - Snap shot by Alexander Wennberg.
1:30 of 1st overtime period - Shot Blocked by Paul Ladue.
3:34 of 1st overtime period - Paul Ladue is hit by Mark Stone.
4:15 of 1st overtime period - Cam Atkinson is hit by Jonathan Toews and loses puck.
Goals for this period are 0 for Stars vs 0 for Bruins.
Shots for this period are 2 for Stars vs 0 for Bruins.
ShootOut
5:00 of 1st overtime period - Round #1.
5:00 of 1st overtime period - Stars, Sidney Crosby.
5:00 of 1st overtime period - Wrist shot by Sidney Crosby.
5:00 of 1st overtime period - Stopped by Kevin Poulin.
5:00 of 1st overtime period - Bruins, Gabriel Landeskog.
5:00 of 1st overtime period - Backhand shot by Gabriel Landeskog.
5:00 of 1st overtime period - Stopped by Matt Murray.
5:00 of 1st overtime period - Round #2.
5:00 of 1st overtime period - Stars, Jake Guentzel.
5:00 of 1st overtime period - Snap shot by Jake Guentzel.
5:00 of 1st overtime period - Goal by Jake Guentzel.
5:00 of 1st overtime period - Bruins, Zack Kassian.
5:00 of 1st overtime period - Snap shot by Zack Kassian.
5:00 of 1st overtime period - Shot Misses the Net.
5:00 of 1st overtime period - Round #3.
5:00 of 1st overtime period - Stars, Michael Grabner.
5:00 of 1st overtime period - Wrist shot by Michael Grabner.
5:00 of 1st overtime period - Stopped by Kevin Poulin.
5:00 of 1st overtime period - Bruins, Jonathan Toews.
5:00 of 1st overtime period - Wrist shot by Jonathan Toews.
5:00 of 1st overtime period - Stopped by Matt Murray.